 BcadrenCrawl: Boulder Brew version 0.04.2-15-ge27eb88979 (webtiles) character file.

Game seed: 12121653560759641688, levelgen mode: deterministic

289398 diana the Whirler (level 21, -7/136 HPs) Kobold Hunter. Began on May 9, 2021. Was the Champion of Okawaru. Mangled by a +3 vampiric halberd (32 damage) ... on level 1 of the Elven Halls. The game lasted 02:01:37 (30291 turns).

diana the Whirler (Kobold Hunter)                  Turns: 30291, Time: 02:01:38

Health: -7/136     AC: 19    Str: 12    XL:     21 ^: 34027
Magic:  37/39      EV: 31    Int: 23    God:    Okawaru [6* [200]]
Gold:   1980       SH:  5    Dex: 27    Spells: 32/49 levels left

rFire    + + .     Vision   +   x - +11 hunting sling of Uduov {molten, MR+}
rCold    + . .     Gourm    .   P - +5 sai of the Dove {molten, +Rage Int+3}
rNeg     . . .     Faith    .   e - +1 leather armour "Suroeg" {rF+ rCorr Int+4 Stlth+}
rPois    .         Spirit   .   T - +2 hat {Int+3}
rElec    +         Reflect  .   E - scarf {rC+ rF+}
rCorr    +         Harm     .   w - +2 pair of gloves
MR       +++..                  p - +2 pair of boots {rElec+}
Stlth    +++.......             L - amulet of regeneration
HPRegen  0.95/turn              i - ring "Ponoenk" {MR+ AC+5 +Vis}
MPRegen  0.49/turn              t - ring of dexterity

@: swift, quick
A: small, carnivore
}: 2/15 runes: decaying, gossamer
a: Heroism, Finesse, Renounce Religion, Evoke Berserk Rage


You were on level 1 of the Elven Halls.
You worshipped Okawaru.
Okawaru was exalted by your worship.
You were not hungry.

You visited 7 branches of the dungeon, and saw 27 of its levels.
You visited 1 bazaar.
You also visited: Volcano.

You collected 3623 gold pieces.
You spent 1643 gold pieces at shops.

Inventory:

Weapons
 x - the +11 hunting sling of Uduov (weapon) {molten, MR+}
   (Okawaru gifted it to you on level 1 of the Swamp)

   It melts metal ammo placed within it; making them malleable so they can
   partially ignore armour.
   Causes less base damage than a standard weapon; but partially ignores enemy's
   defense, occasionally melts through shields, and burns causing additional
   damage to those that don't resist heat.
   It affects your resistance to hostile enchantments.
   Shields
 P - the +5 sai of the Dove (weapon) {molten, +Rage Int+3}
   (Okawaru gifted it to you on level 4 of the Lair of Beasts)

   Base shield rating: 3 Skill to remove penalty: 3.5 It affects your
   intelligence (+3).
   It lets you go berserk.
 Q - the +6 sai of the Eternal Void {pierce, rPois}
   (Okawaru gifted it to you on level 6 of the Lair of Beasts)

   Base shield rating: 3 Skill to remove penalty: 3.5 It protects you from
   poison.
Armour
 e - the +1 leather armour "Suroeg" (worn) {rF+ rCorr Int+4 Stlth+}
   (You found it on level 1 of the Swamp)

   It affects your intelligence (+4).
   It protects you from fire.
   It provides partial protection from all sources of acid and corrosion.
   It makes you more stealthy.
 p - a +2 pair of boots of insulation (worn)
 w - a +2 pair of gloves (worn)
 E - a scarf of resistance (worn)
 T - a +2 hat of intelligence (worn)
Jewellery
 i - the ring "Ponoenk" (left hand) {MR+ AC+5 +Vis}
   (You found it on level 3 of the Lair of Beasts)

   [ring of protection]

   It affects your AC (+5).
   It affects your resistance to hostile enchantments.
   It improves your vision.
 j - an uncursed ring of poison resistance
 n - an uncursed ring of evasion
 t - a ring of dexterity (right hand)
 u - an uncursed ring of dexterity
 L - an amulet of regeneration (around neck)
Wands
 a - a wand of random effects (14)
 b - a wand of disintegration (43)
 q - a wand of polymorph (32)
 y - a wand of iceblast (53)
 D - a wand of flame (47)
 I - a wand of hasting (1)
 M - a wand of acid (21)
 O - a wand of ensnaring (9)
 W - a wand of clouds (3)
Scrolls
 c - 5 scrolls of teleportation
 f - 5 scrolls of holy word
 g - 3 scrolls of summoning
 m - 8 scrolls of amnesia
 v - 2 scrolls of acquirement
 B - 8 scrolls of fog
 C - 4 scrolls of magic mapping
 J - 11 scrolls of enchantment
 N - 4 scrolls of blinking
 V - 2 scrolls of bless item
Potions
 h - 5 potions of brilliance
 k - 3 potions of haste
 l - 5 potions of magic
 o - 8 potions of might
 r - 8 potions of ambrosia
 s - 9 potions of agility
 z - 3 potions of cancellation
 A - 3 potions of invisibility
 F - 2 potions of berserk rage
 G - a potion of cure mutation
 H - 5 potions of beneficial mutation
 K - 2 potions of resistance
 R - 8 potions of heal wounds
 S - 9 potions of curing
Comestibles
 d - 43 rations


   Skills:
 + Level 15.7 Fighting
 - Level 16.0 Short Blades
 - Level 16.0 Slings
 - Level 10.0 Armour
 - Level 15.0 Dodging
 - Level 1.3 Stealth
 - Level 14.9 Spellcasting
 - Level 5.0 Charms
 - Level 12.0 Air Magic
 - Level 8.0 Invocations


You had 32 spell levels left.
You knew the following spells:

 Your Spells              Type           Power        Failure   Level  Hunger
a - Swiftness             Chrm/Air       54 (100)     1%          2    None
b - Airstrike             Air            64 (200)     1%          4    None
c - Lightning Bolt        Air            64 (200)     1%          5    ##.....
d - Conjure Ball Lightni  Air            64 (200)     4%          6    #####..

Your spell library contained the following spells:

 Spells                   Type           Power        Failure   Level  Hunger
 Shock                    Air            25 (25)      1%          1    None
 Shroud of Golubria       Chrm/Tloc      28 (200)     1%          2    None
 Static Discharge         Air            64 (100)     1%          3    None
 Confusing Touch          Hex            17 (50)      3%          1    None
 Flame Tongue             Fire           17 (30)      3%          1    None
 Freeze                   Ice            17 (25)      3%          1    None
 Magic Candle             Hex/Fire       17 (90)      3%          1    None
 Sandblast                Erth           17 (50)      3%          1    None
 Summon Small Mammal      Summ           17 (25)      3%          1    None
 Force Lance              Tloc/Air       44 (200)     3%          4    None
 Muse Oam's Air Blast     Tloc/Air       44 (100)     3%          4    None
 Portal Projectile        Chrm/Tloc      28 (50)      4%          3    None
 Pryten's Skeletal Upris  Chrm/Necr      28 (200)     4%          3    None
 Blink                    Tloc           N/A          6%          2    None
 Call Imp                 Summ           17 (100)     6%          2    None
 Silence                  Hex/Air        44 (200)     9%          5    ##.....
 Summon Lightning Spire   Summ/Air       44 (100)     9%          5    ##.....
 Call Canine Familiar     Summ           17 (100)     12%         3    None
 Recall                   Summ/Tloc      N/A          12%         3    None
 Teleport Other           Hex/Tloc       17 (100)     12%         3    None
 Tukima's Dance           Hex            17 (100)     12%         3    None
 Deflect Missiles         Chrm/Air       54 (200)     17%         6    #####..
 Animate Dead             Necr           N/A          36%         4    None
 Force Lasso              Tloc/Erth      17 (200)     36%         4    None
 Leda's Liquefaction      Tmut/Erth      17 (200)     36%         4    None
 Passage of Golubria      Tloc           N/A          36%         4    None
 Summon Ice Beast         Ice/Summ       17 (100)     36%         4    None
 Aura of Abjuration       Summ           17 (200)     71%         5    ##.....
 Bolt of Magma            Fire/Erth      17 (200)     71%         5    ##.....
 Summon Forest            Summ/Erth      17 (200)     71%         5    ##.....
 Summon Mana Viper        Summ/Pois      17 (100)     71%         5    ##.....
 Summon Spider Mount      Summ/Pois      17 (200)     71%         5    ##.....
 Death Channel            Chrm/Necr      28 (200)     90%         6    #####..
 Borgnjor's Vile Clutch   Necr/Erth      17 (200)     99%         6    #####..
 Cigotuvi's Degeneration  Tmut/Necr      17 (200)     99%         6    #####..
 Dispersal                Tloc           17 (200)     99%         6    #####..
 Iron Shot                Erth           17 (200)     99%         6    #####..
 Shadow Creatures         Summ           N/A          99%         6    #####..
 Simulacrum               Ice/Necr       17 (200)     99%         6    #####..
 Statue Form              Tmut/Erth      17 (150)     99%         6    #####..
 Summon Hydra Mount       Summ           17 (200)     99%         6    #####..
 Tunneling                Erth           17 (200)     99%         6    #####..
 Controlled Blink         Tloc           17 (100)     100%        7    ######.
 Haunt                    Necr/Summ      17 (200)     100%        7    ######.
 Borgnjor's Revivificati  Necr           17 (200)     100%        8    #######
 Death's Door             Chrm/Necr      28 (200)     100%        8    #######
 Disjunction              Tloc           17 (200)     100%        8    #######
 Necromutation            Tmut/Necr      17 (200)     100%        8    #######
 Shatter                  Erth           17 (200)     100%        9    #######
 Tornado                  Air            64 (200)     100%        9    #######


Dungeon Overview and Level Annotations

Branches:
Dungeon (8/8)              Temple (1/1) D:4            Lair (6/6) D:5
  Swamp (4/4) Lair:2       Spider (4/4) Lair:2        Slime (0/5) Lair:6
    Orc (2/2) D:6             Elf (2/3) Orc:2        Vaults (0/5) D:7
 Depths (0/5) D:8         Volcano (visited)

Altars:
Ashenzari
Cheibriados
Dithmenos
Elyvilon
Fedhas Madash
Gozag Ym Sagoz
Hepliaklqana
Kikubaaqudgha
Makhleb
Nemelex Xobeh
Okawaru
Qazlal
Ru
Sif Muna
Trog
Uskayaw
Vehumet
Wu Jian
Xom
Yredelemnul
Zin
The Shining One
Jiyva

Shops:
D:7 *   Orc:2 [=:?=%*

Portals:
Trove: D:8 (give 9 potions of haste)

Annotations:
Swamp:3 2 transporters, diana's ghost, adept DrGl
Swamp:4 1 runed translucent door, Iffuusoj's ghost, adept MiBe


Innate Abilities, Weirdness & Mutations

You are small and have problems with some larger weapons.
You are carnivorous and can eat meat at any time.


Message History

The +3 vampiric halberd hits you from afar (42)!!!
* * * LOW HITPOINT WARNING * * *
You block the +3 vampiric halberd's attack.
A deep elf archer comes into view.
You are too injured to fight recklessly!
Aiming:
x - the +11 hunting sling of Uduov {molten, MR+}, Range: 2 (50%)
Press: ? - help, Shift-Dir - straight line, f - +2 glaive of freezing
Aim: a +2 glaive of freezing (water, undamaged (34/34))
Okay, then.
Unknown command.
Casting: Conjure Ball Lightning (safe; 4% risk of failure)
Confirm with . or Enter, or press ? or * to list all spells.
You feel quick.
The +3 vampiric halberd closely misses you (0).
The +2 glaive of freezing hits you from afar (12)!
* * * LOW HITPOINT WARNING * * *
The +2 glaive of freezing freezes you (2).
* * * LOW HITPOINT WARNING * * *
The +3 vampiric halberd hits you from afar (32)!!
You die...

##.## .○.. ..# # #'##
#..#####..+ # .#######
..#..°......# ########
.'....'# ..'(...ee...#
#'.....' .#######
#####e##### ######## '##
#8≈≈≈≈≈≈≈8# ### # #.##
#≈≈≈((≈≈≈≈# #.## ##.##
#≈≈≈≈≈≈≈≈≈# ##.## ##.##
##....@....#### ##.##
##.## #..#######.##.#
##.## ##.## #.## #..).#
##.## ##.## #.# ####.#
##.# ### ##.###'# #.# ##.
..## ##'...## ###'##### ##
...##
#.....########.......# #
....#
#.!...'......'.......# #
....#
#.....#########.....######


You could see 2 deep elf archers, a deep elf knight and 2 dancing weapons.

Vanquished Creatures
  Jorgrun (Orc:2)
  Rupert (D:6)
  Frances (Swamp:2)
  3 thorn hunters
  A deep elf sorcerer (Elf:1)
  3 ghost moths (Spider:4)
  the Lernaean hydra (Swamp:4)
  3 entropy weavers (Spider:3)
  2 deep elf annihilators
  Snorg (Lair:5)
  A fire dragon (Lair:6)
  2 ice dragons (D:8)
  A chaos butterfly (Lair:6)
  Josephine (D:8)
  A mummy priest (Lair:2)
  8 emperor scorpions
  Fannar (D:6)
  A deep troll earth mage (D:8)
  6 sphinx moths
  14 boulder beetles
  Gammafunk (Lair:2)
  A catoblepas (Lair:4)
  2 ogre magi
  Urug (D:7)
  29 alligators
  A stone giant (Volcano)
  3 swooping magpies (Lair:6)
  11 deep elf knights
  A dire elephant (Lair:6)
  3 orc high priests (Orc:2)
  A swooping magpie (shapeshifter) (D:8)
  Nergalle (Lair:2)
  5 unseen horrors
  2 tengu warriors (D:7)
  12 swamp dragons
  3 spriggan druids
  6 two-headed ogres
  24 hydras
  4 deep elf archers
  5 centaur warriors
  4 orc knights (Orc:2)
  5 shambling mangroves
  9 dancing weapons
  A wizard (D:7)
  A skeletal warrior (D:8)
  A guardian serpent (Lair:6)
  39 deep elf magi
  6 manticores
  3 torpor snails
  A queen ant (Spider:3)
  18 orb spiders
  4 oklob plants (Lair:6)
  8 giraffes
  8 orc sorcerers
  Maurice (Orc:2)
  2 gargoyles
  2 moths of wrath
  7 ugly things
  11 black mambas
  23 elephants
  15 spiny frogs
  Maggie (Lair:1)
  4 meliai
  2 efreet
  12 trolls
  27 wolf spiders
  A yaktaur (D:8)
  7 rime drakes
  15 tyrant leeches
  10 bog bodies
  11 komodo dragons
  A queen bee (D:6)
  A jumping spider (shapeshifter) (D:8)
  36 jumping spiders
  10 demonic crawlers
  13 dream sheep
  20 hornets
  A vampire (D:7)
  3 wraiths
  10 blink frogs
  3 steam dragons
  A catoblepas zombie (Lair:2)
  5 shadows
  3 spriggans
  2 air elementals
  25 wyverns
  9 hippogriffs
  12 basilisks
  3 fire bats (Lair:2)
  A hydra zombie (Lair:2)
  A cyclops (D:7)
  16 humans (D:7)
  29 yaks
  A water elemental (Elf:1)
  9 slime creatures
  23 tarantellas
  3 acid dragons
  A basilisk (shapeshifter) (D:8)
  4 hydra skeletons (Lair:2)
  4 guardian mummies
  21 vampire mosquitoes
  A hungry ghost (D:5)
  6 fire elementals
  34 swamp worms
  75 redbacks
  6 wargs
  8 insubstantial wisps (Swamp:4)
  26 orc warriors
  3 phantoms
  7 soldier ants (Spider:3)
  An earth elemental (Elf:1)
  6 necrophages (Swamp:4)
  8 scorpions
  18 water moccasins
  9 porcupines
  2 ice beasts (D:4)
  An elephant zombie (Lair:2)
  An eye of draining (D:6)
  17 swamp drakes
  A black bear (D:5)
  12 ogres
  5 sky beasts
  A chaos butterfly zombie (Lair:2)
  11 wolves
  18 crocodiles
  A dream sheep skeleton (Lair:2)
  A swooping magpie zombie (Lair:2)
  An elephant skeleton (Lair:2)
  8 big kobolds
  4 komodo dragon zombies (Lair:2)
  A komodo dragon skeleton (Lair:2)
  16 bullfrogs
  6 spiny frog zombies (Lair:2)
  2 yak zombies (Lair:2)
  2 black mamba zombies (Lair:2)
  6 spiny frog skeletons (Lair:2)
  3 centaurs
  2 harpy skeletons (D:7)
  A polar bear skeleton (Lair:2)
  A howler monkey (D:3)
  A black mamba skeleton (Lair:2)
  22 killer bees
  A quasit (D:5)
  A vampire bat (Lair:3)
  5 wights (D:5)
  2 blink frog zombies (Lair:2)
  4 electric eels
  2 rime drake skeletons (Lair:2)
  3 basilisk skeletons (Lair:2)
  16 orc priests
  5 hounds
  7 jellies
  4 iguanas
  29 orc wizards
  4 crocodile zombies (Lair:2)
  5 water moccasin zombies (Lair:2)
  8 worker ants
  A statue (D:2)
  A wyvern zombie (D:6)
  2 crocodile skeletons (Lair:2)
  A wyvern skeleton (D:7)
  6 water moccasin skeletons (Lair:2)
  9 giant cockroaches
  An iron imp (D:4)
  2 porcupine zombies (Lair:2)
  A wolf zombie (Lair:2)
  4 porcupine skeletons (Lair:2)
  7 bullfrog zombies
  8 bullfrog skeletons
  11 adders
  8 gnolls
  17 sewer rats (D:2)
  10 cinder newts
  4 worms (D:2)
  A hound skeleton (D:3)
  5 oozes
  2 dart slugs (D:1)
  6 leopard geckos
  62 orcs
  An adder zombie (D:3)
  16 bats
  A cinder newt skeleton (D:2)
  5 goblins (D:1)
  4 hobgoblins (D:1)
  2 jackals (D:4)
  5 quokkas
  3 ball pythons
  2 goblin skeletons (D:2)
  A hobgoblin skeleton (D:2)
  51 kobolds
  2 quokka skeletons (D:3)
  A quokka zombie (Lair:2)
  10 rats
  2 rat skeletons (D:2)
  A butterfly (D:4)
  A fungus (Lair:5)
  A giant blowfly (Lair:6)
  16 plants
  4 rainbow trout
  4 withered plants (D:2)
1452 creatures vanquished.

Vanquished Creatures (collateral kills)
  A boulder beetle (Lair:6)
1 creature vanquished.

Vanquished Creatures (others)
  A swamp dragon (Swamp:4)
  A dream sheep (Lair:6)
  A fire elemental (Elf:1)
  2 orcs (Orc:1)
  5 ball lightnings (Elf:1)
  A bush (Lair:2)
  11 fungi
  5 giant blowflies
  19 plants
  21 rainbow trout
  77 withered plants (D:2)
144 creatures vanquished.

Grand Total: 1597 creatures vanquished

Notes
Turn   | Place    | Note
-------+----------+-------------------------------------------
     0 | D:1      | diana the Kobold Hunter began the quest for the Orb.
     0 | D:1      | Reached XP level 1. HP: 12/12 MP: 1/1
    42 | D:1      | Reached skill level 1 in Short Blades
    42 | D:1      | Reached XP level 2. HP: 17/17 MP: 2/2
   148 | D:1      | Reached XP level 3. HP: 18/21 MP: 3/3
   267 | D:1      | Reached XP level 4. HP: 25/26 MP: 4/4
   459 | D:1      | Reached XP level 5. HP: 25/30 MP: 5/5
  1080 | D:2      | Reached XP level 6. HP: 35/35 MP: 6/6
  1589 | D:2      | Reached XP level 7. HP: 29/40 MP: 7/7
  1598 | D:2      | Reached skill level 10 in Slings
  1700 | D:2      | Reached skill level 5 in Short Blades
  2038 | D:2      | Reached XP level 8. HP: 43/44 MP: 8/8
  2326 | D:2      | Found a radiant altar of Vehumet.
  3052 | D:3      | Reached XP level 9. HP: 42/49 MP: 9/9
  3413 | D:3      | Found a shimmering blue altar of Sif Muna.
  3424 | D:3      | Found a blossoming altar of Fedhas.
  3559 | D:4      | Found a staircase to the Ecumenical Temple.
  3573 | Temple   | Entered the Ecumenical Temple
  3749 | Temple   | Became a worshipper of Warmaster Okawaru
  3839 | D:4      | Reached skill level 5 in Dodging
  3966 | D:4      | Reached skill level 5 in Fighting
  4051 | D:4      | Reached * piety under Okawaru
  4051 | D:4      | Received a gift from Okawaru
  4058 | D:4      | Identified a scroll of acquirement
  4125 | D:4      | Reached XP level 10. HP: 59/59 MP: 10/10
  4469 | D:5      | Entered Level 5 of the Dungeon
  4597 | D:5      | Reached ** piety under Okawaru
  4686 | D:5      | Reached skill level 10 in Short Blades
  4695 | D:5      | Received a gift from Okawaru
  4781 | D:5      | Reached *** piety under Okawaru
  4909 | D:5      | Reached XP level 11. HP: 53/68 MP: 11/11
  4967 | D:5      | Found a staircase to the Lair.
  5015 | D:5      | Reached **** piety under Okawaru
  5015 | D:5      | Received a gift from Okawaru
  5282 | D:5      | Noticed a two-headed ogre
  5291 | D:5      | Killed a two-headed ogre
  5291 | D:5      | Reached ***** piety under Okawaru
  5326 | D:5      | Identified the +7 halberd "Fubub" {freeze, +Fly rC+}
  5460 | D:6      | Received a gift from Okawaru
  5623 | D:5      | Reached skill level 10 in Dodging
  5640 | D:6      | Noticed a two-headed ogre
  5655 | D:6      | Killed a two-headed ogre
  5865 | D:6      | Killed an unseen horror
  5865 | D:6      | Reached skill level 10 in Fighting
  5865 | D:6      | Reached XP level 12. HP: 66/77 MP: 12/12
  5942 | D:6      | Found a staircase to the Orcish Mines.
  6015 | D:6      | Noticed Rupert
  6049 | Lair:1   | Entered Level 1 of the Lair of Beasts
  6332 | Lair:1   | Reached ****** piety under Okawaru
  6481 | Lair:1   | Received a gift from Okawaru
  6542 | Lair:1   | Noticed a boulder beetle
  6566 | Lair:1   | Killed a boulder beetle
  6656 | Lair:1   | Noticed Maggie
  6661 | Lair:1   | Killed Maggie
  7141 | Lair:2   | Connectivity tunneler affected minmay_ossuary_two_tombs.
  7141 | Lair:2   | Connectivity tunneler affected minmay_ossuary_two_tombs.
  7168 | Lair:2   | Received a gift from Okawaru
  7327 | Lair:2   | Found a dark tunnel.
  7336 | Volcano  | Entered a volcano
  7373 | Volcano  | Noticed a stone giant
  7383 | Volcano  | Killed a stone giant
  7419 | Volcano  | Reached XP level 13. HP: 71/86 MP: 13/13
  7574 | Lair:2   | Found a hole to the Spider Nest.
  7671 | Lair:2   | Found a transporter.
  7673 | Lair:2   | Found a transporter.
  7674 | Lair:2   | Noticed Gammafunk
  7689 | Lair:2   | Received a gift from Okawaru
  8093 | Lair:2   | Found a staircase to the Swamp.
  8291 | Lair:2   | Noticed Nergalle
  8300 | Lair:2   | Killed Nergalle
  8300 | Lair:2   | Received a gift from Okawaru
  8477 | Lair:2   | Noticed a mummy priest
  8487 | Lair:2   | Killed a mummy priest
  9225 | Lair:3   | Identified the cursed ring "Ponoenk" {MR+ AC+5 +Vis,
                  | (Curse: rC-)}
  9687 | Lair:3   | Noticed an emperor scorpion
  9939 | Lair:3   | Identified the +5 ring mail of Absolutism {*Drain rPois
                  | rCorr Dex+5}
 10120 | Lair:3   | Noticed a chaos butterfly
 10423 | Lair:3   | Reached skill level 15 in Dodging
 10423 | Lair:3   | Reached skill level 1 in Invocations
 10794 | D:6      | Killed Rupert
 10794 | D:6      | Received a gift from Okawaru
 10794 | D:6      | Reached XP level 14. HP: 61/96 MP: 14/16
 10837 | D:6      | Noticed Fannar
 11391 | Lair:4   | Identified the +5 sai of the Dove {molten, +Rage Int+3}
                  | (Okawaru gifted it to you on level 4 of the Lair of Beasts)
 11391 | Lair:4   | Received a gift from Okawaru
 11734 | Lair:4   | Reached skill level 5 in Invocations
 12205 | Lair:4   | Reached skill level 15 in Fighting
 12319 | Lair:5   | Identified the +1 ring mail of the Poles {Str+5 Int+2}
                  | (Okawaru gifted it to you on level 5 of the Lair of Beasts)
 12319 | Lair:5   | Received a gift from Okawaru
 12644 | Lair:5   | Noticed Snorg
 12675 | Lair:5   | Killed Snorg
 12854 | Lair:5   | Reached skill level 15 in Slings
 12944 | Lair:5   | Reached XP level 15. HP: 103/103 MP: 21/21
 13024 | Lair:5   | Reached skill level 1 in Armour
 13093 | Lair:5   | Identified the +5 mace of the Scroll {crush, rPois rF+ rN+}
 13206 | Lair:5   | Received a gift from Okawaru
 13255 | Lair:6   | Entered Level 6 of the Lair of Beasts
 13294 | Lair:6   | Found a viscous altar of Jiyva.
 13295 | Lair:6   | Found a staircase to the Slime Pits.
 13359 | Lair:6   | Found a shimmering altar of Xom.
 13589 | Lair:6   | Received a gift from Okawaru
 13654 | Lair:6   | Reached skill level 5 in Armour
 14077 | Lair:6   | Received a gift from Okawaru
 14716 | Lair:6   | Identified the Compendium of the Blaze
 15318 | D:6      | Killed Fannar
 15459 | D:6      | Reached XP level 16. HP: 108/108 MP: 19/22
 15554 | D:7      | Found a gate to the Vaults.
 15554 | D:7      | Noticed Urug
 15616 | D:7      | Identified the +0 robe of the Eleven Eyes {rC+}
 15658 | D:7      | Reached skill level 15 in Short Blades
 15728 | D:7      | Found Kumoro's General Store.
 15739 | D:7      | Bought a potion of curing for 42 gold pieces
 15804 | D:7      | Killed Urug
 15809 | D:7      | Identified the +8 hunting sling "Kacoerr" {velocity, rF+
                  | rC- rN+ Str+2} (Okawaru gifted it to you on level 7 of the
                  | Dungeon)
 15809 | D:7      | Received a gift from Okawaru
 15999 | D:7      | Found a glowing golden altar of the Shining One.
 16057 | D:7      | Found a shattered altar of Ashenzari.
 16602 | Lair:6   | Identified the +6 sai of the Eternal Void {pierce, rPois}
                  | (Okawaru gifted it to you on level 6 of the Lair of Beasts)
 16602 | Lair:6   | Received a gift from Okawaru
 16887 | Orc:1    | Entered Level 1 of the Orcish Mines
 17442 | Orc:2    | Entered Level 2 of the Orcish Mines
 17473 | Orc:2    | Noticed Maurice
 17522 | Orc:2    | Killed Maurice
 17619 | Orc:2    | Found Extusey's Jewellery Shoppe.
 17748 | Orc:2    | Found Laawak's Food Shoppe.
 17758 | Orc:2    | Noticed Jorgrun
 17768 | Orc:2    | Killed Jorgrun
 17768 | Orc:2    | Received a gift from Okawaru
 17799 | Orc:2    | Found a staircase to the Elven Halls.
 17986 | Orc:2    | Found Cinasimy's General Store.
 18203 | Orc:2    | Identified the cursed amulet "Beuxaaf" {+Rage rF+ rC+ MR+++
                  | Int-3, (Curse: Fragile Slay-5)}
 18370 | Orc:2    | Found Xiuc's Magic Scroll Emporium.
 18370 | Orc:2    | Found Tyimic's Armour Boutique.
 18374 | Orc:2    | Found Xiypper's Book Emporium.
 18374 | Orc:2    | Found Loydghaxa's Jewellery Boutique.
 18401 | Orc:2    | Bought a scroll of summoning for 95 gold pieces
 18401 | Orc:2    | Bought a scroll of blinking for 75 gold pieces
 18401 | Orc:2    | Bought a scroll of magic mapping for 35 gold pieces
 18401 | Orc:2    | Bought a scroll of blinking for 75 gold pieces
 18555 | Orc:1    | Gained mutation: Your magical capacity is low. (-10% MP) [a
                  | neqoxec]
 18560 | Orc:2    | Reached XP level 17. HP: 104/113 MP: 20/20
 18802 | Orc:1    | Reached skill level 10 in Armour
 18856 | Orc:1    | Reached skill level 1 in Spellcasting
 19131 | Spider:1 | Entered Level 1 of the Spider Nest
 19427 | Spider:1 | Received a gift from Okawaru
 19610 | Spider:1 | Reached skill level 5 in Spellcasting
 20049 | Spider:2 | Received a gift from Okawaru
 20895 | Spider:3 | Received a gift from Okawaru
 21059 | Spider:3 | Learned a level 2 spell: Swiftness
 21540 | Spider:4 | Entered Level 4 of the Spider Nest
 21561 | Spider:4 | Reached skill level 10 in Spellcasting
 21586 | Spider:4 | Reached skill level 1 in Air Magic
 21586 | Spider:4 | Reached XP level 18. HP: 119/119 MP: 28/28
 22070 | Spider:4 | Reached skill level 5 in Air Magic
 22089 | Spider:4 | Received a gift from Okawaru
 22192 | Spider:4 | Reached skill level 1 in Charms
 22394 | Spider:3 | Learned a level 4 spell: Airstrike
 22400 | Spider:3 | Learned a level 5 spell: Lightning Bolt
 22502 | Spider:4 | Got a gossamer rune of Zot
 23246 | D:8      | Entered Level 8 of the Dungeon
 23289 | D:7      | Reached skill level 5 in Charms
 23349 | D:8      | Received a gift from Okawaru
 23445 | D:8      | Found a shattered altar of Ashenzari.
 23552 | D:8      | Noticed Josephine
 23556 | D:8      | Killed Josephine
 23607 | D:8      | Found a white marble altar of Elyvilon.
 23642 | D:8      | Found a staircase to the Depths.
 23951 | D:8      | Found a portal to a secret trove of treasure.
 24107 | Swamp:1  | Entered Level 1 of the Swamp
 24107 | Swamp:1  | Identified the +1 leather armour "Suroeg" {rF+ rCorr Int+4
                  | Stlth+}
 24309 | Lair:2   | Killed Gammafunk
 24317 | Lair:2   | Lost mutation: Your magical capacity is low. (-10% MP)
                  | [potion of mutation]
 24318 | Lair:2   | Reached skill level 10 in Air Magic
 24318 | Lair:2   | Reached XP level 19. HP: 124/124 MP: 26/33
 24713 | Swamp:1  | Found a shimmering blue altar of Sif Muna.
 24722 | Swamp:1  | Reached XP level 20. HP: 129/129 MP: 13/34
 25118 | Swamp:1  | Identified the +2 scale mail "Ziken" {Regen+ Str-3 Dex+7
                  | Stlth+}
 25147 | Swamp:1  | Identified the +11 hunting sling of Uduov {molten, MR+}
                  | (Okawaru gifted it to you on level 1 of the Swamp)
 25147 | Swamp:1  | Received a gift from Okawaru
 25282 | Swamp:2  | Noticed Frances
 25288 | Swamp:2  | Killed Frances
 25594 | Swamp:1  | Learned a level 6 spell: Conjure Ball Lightning
 25655 | Swamp:2  | Identified the +5 hunting sling of the Unstoppable Realms
                  | {chaos, rC- Str+3 Dex+2} (Okawaru gifted it to you on level
                  | 2 of the Swamp)
 25655 | Swamp:2  | Received a gift from Okawaru
 26339 | Swamp:3  | Identified the amulet of Ekeusch {Harm *Drain +Inv rN++
                  | Str-4 Dex-4}
 26441 | Swamp:3  | Found a transporter.
 26454 | Swamp:3  | Identified the cursed -4 pair of boots of Tomorrow {+Blink
                  | rElec rN+, (Curse: *Tele)}
 26454 | Swamp:3  | Found a bloodstained altar of Trog.
 26454 | Swamp:3  | Found a transporter.
 26468 | Swamp:3  | Noticed diana's ghost (adept DrGl)
 26473 | Swamp:3  | Found a shadowy altar of Dithmenos.
 26845 | Swamp:4  | Connectivity tunneler affected swamp_old_school.
 26845 | Swamp:4  | Connectivity tunneler affected swamp_old_school.
 26845 | Swamp:4  | Connectivity tunneler affected swamp_old_school.
 26845 | Swamp:4  | Connectivity tunneler affected swamp_old_school.
 26845 | Swamp:4  | Connectivity tunneler affected swamp_old_school.
 26845 | Swamp:4  | Connectivity tunneler affected swamp_old_school.
 26845 | Swamp:4  | Entered Level 4 of the Swamp
 26873 | Swamp:3  | Received a gift from Okawaru
 26874 | Swamp:3  | Found the +5 sling "Punk" {acid, rCorr}
 26893 | Swamp:3  | HP: 6/129 [poison (poison gas)]
 26898 | Swamp:3  | HP: 3/129 [poison (poison gas)]
 26903 | Swamp:3  | HP: 3/129 [poison (poison gas)]
 26908 | Swamp:3  | HP: 5/129 [poison (poison gas)]
 26913 | Swamp:3  | HP: 6/129 [poison (poison gas)]
 27290 | Swamp:4  | Found a runed translucent door.
 27290 | Swamp:4  | Noticed Iffuusoj's ghost (adept MiBe)
 27466 | Swamp:4  | Noticed the 27-headed Lernaean hydra
 27731 | Swamp:4  | Identified the +8 cleaver "Grim" {chaos, rN+ Int+5 Stlth-}
 27919 | Swamp:4  | Reached XP level 21. HP: 123/134 MP: 39/39
 27921 | Swamp:4  | Received a gift from Okawaru
 27932 | Swamp:4  | Killed the 27-headed Lernaean hydra
 28367 | Swamp:4  | Got a decaying rune of Zot
 28804 | Elf:1    | Entered Level 1 of the Elven Halls
 28959 | Elf:1    | Identified the Guide on Slavery
 28981 | Elf:1    | Identified the +0 helmet of Twilight {rN+ Str+4}
 29781 | Elf:2    | Found a flickering gateway to a bazaar.
 29787 | Bazaar   | Entered a bazaar
 29787 | Bazaar   | Found Kenoinah's Armour Shoppe.
 29792 | Bazaar   | Found Nihuoch's General Store.
 29795 | Bazaar   | Found Qosyem's Distillery.
 29798 | Bazaar   | Found Vojius's Book Shoppe.
 29800 | Bazaar   | Bought a potion of heal wounds for 75 gold pieces
 29814 | Bazaar   | Bought a potion of berserk rage for 45 gold pieces
 29814 | Bazaar   | Bought a potion of berserk rage for 45 gold pieces
 29814 | Bazaar   | Bought a potion of cure mutation for 225 gold pieces
 29814 | Bazaar   | Bought a potion of curing for 27 gold pieces
 29814 | Bazaar   | Bought a potion of curing for 27 gold pieces
 29814 | Bazaar   | Bought a potion of curing for 27 gold pieces
 29823 | Bazaar   | Bought a book of the Warp for 850 gold pieces
 30081 | Elf:2    | Identified the +5 staff of Somewhere Else {reaver, poison;
                  | rPois Stlth+}
 30122 | Elf:2    | Identified the +3 cloak of the Saviour {rC+} (Okawaru
                  | gifted it to you on level 2 of the Elven Halls)
 30122 | Elf:2    | Received a gift from Okawaru
 30283 | Elf:1    | Identified the cursed ring of Elitism {Wiz rC+, (Curse:
                  | Fragile MR- Int-4)}
 30291 | Elf:1    | Mangled by a +3 vampiric halberd

Levels and vault maps discovered:
D:1:      lemuel_arrival_muddy, layout_basic, minmay_pentomino_pile
D:2:      layout_sewer, vehumet_statue, serial_rivers,
          chequers_serial_rivers_room_b, chequers_serial_rivers_small_b,
          chequers_serial_rivers_large_a
D:3:      layout_rooms, minitemple, first_ration, enter_ossuary_2
D:4:      layout_basic, minmay_temple_entry_mist
D:5:      layout_gridville, david_lair_generic, enter_bailey_2
D:6:      layout_roguey, minmay_orc_entry_guard_dogs, special_room
          [special_room_bee], uniq_fannar, uniq_rupert
D:7:      layout_roguey, david_vaults_3, basic_altar, tso_metal_star,
          serial_shops, shop
D:8:      grunt_enter_depths_hoard, layout_basic, ashenzari_altar_1,
          overflow_temple_1_default, nicolae_trove_entry_path_of_doom,
          minivault_23, uniq_josephine
Temple:   regret_index_temple_sphere_string
Lair:1:   layout_chaotic_city, uniq_maggie
Lair:2:   layout_chaotic_city, skrybe_swamp_entry_bodies,
          nicolae_spider_entry_non_spiders, nicolae_volcano_entry_batcave,
          minmay_ossuary_two_tombs, uniq_nergalle, uniq_gammafunk_teleport
Lair:3:   layout_big_grid, serial_bayou_pond_c, roderic_batcave,
          nicolae_ossuary_entry_monument
Lair:4:   layout_gridlike
Lair:5:   layout_roguey [special_room_mythical_zoo], uniq_snorg
Lair:6:   guppyfry_lair_end_dragon, layout_misc_corridors,
          hangedman_lair_tendril_chambers, slime_island, basic_altar,
          minmay_lair_oklob_chamber
Swamp:1:  layout_falls_marsh, basic_altar
Swamp:2:  layout_basic_swamp, serial_swamp_ruin, hangedman_swamp_ruin_wall,
          evilmike_swamp_ruin_rubble_2, swamp_pool1, uniq_frances
Swamp:3:  layout_basic_swamp, gammafunk_ghost_wrathful_warriors, basic_altar,
          infiniplex_staircase_pool
Swamp:4:  swamp_old_school, layout_basic_swamp, ebering_ghost_inner_flame,
          swamp_pool3, roderic_carrion_pond, infiniplex_staircase_pool_2
Spider:1: nicolae_spider_mines_3
Spider:2: layout_spider_delve
Spider:3: layout_spider_delve, nicolae_spider_ant_collections
Spider:4: guppyfry_spider_rune, spiders_nest_hornet_nest
Orc:1:    layout_caves, mines4_lemuel
Orc:2:    grunt_orc_tribal_feast, layout_diamond_mine, serial_shops,
          shop_fountains, nicolae_shop_crystal, shop, nicolae_orc_lava_room,
          uniq_maurice, uniq_jorgrun
Elf:1:    eino_elf_arrival_sip, layout_geoelf_grid, minmay_elf_demonology,
          evilmike_minifort
Elf:2:    layout_onion_city, serial_shops, bzr_entry_safe

Skill      XL: |  1  2  3  4  5  6  7  8  9 10 11 12 13 14 15 16 17 18 19 20 21 |
---------------+----------------------------------------------------------------+-----
Short Blades   | 1 2 3 4 5 7 8 10 12 14 16 | 16.0
Slings         | 6 7 8 9 11 12 15 16 | 16.0
Fighting       | 5 8 10 12 14 15 | 15.7
Dodging        | 5 8 10 13 15 | 15.0
Invocations    | 3 8 |  8.0
Armour         | 6 9 10 | 10.0
Spellcasting   | 10 14 | 14.9
Air Magic      | 1 10 12 | 12.0
Charms         | 5 |  5.0
Stealth        | |  1.3

Action                   |  1- 3 |  4- 6 |  7- 9 | 10-12 | 13-15 | 16-18 | 19-21 || total
-------------------------+-------+-------+-------+-------+-------+-------+-------++-------
Melee: Unarmed           |     9 |    53 |       |       |       |       |       ||    62
       Short sword       |     1 |    48 |   130 |   195 |   602 |       |       ||   976
       Sai               |       |       |       |    15 |   218 |   663 |   256 ||  1152
 Fire: Hunting sling     |    21 |    75 |   287 |   425 |   755 |   956 |   531 ||  3050
 Cast: Lightning Bolt    |       |       |       |       |       |     1 |     7 ||     8
       Swiftness         |       |       |       |       |       |     1 |     2 ||     3
       Airstrike         |       |       |       |       |       |       |     6 ||     6
       Conjure Ball Ligh |       |       |       |       |       |       |     2 ||     2
Invok: Heroism           |       |       |       |     3 |    16 |     4 |     6 ||    29
       Finesse           |       |       |       |     1 |     7 |     1 |     2 ||    11
 Abil: Evoke Berserk Rag |       |       |       |       |       |     1 |     1 ||     2
  Use: Scroll            |       |       |       |     2 |     4 |     2 |     6 ||    14
       Potion            |       |       |       |     1 |     8 |     5 |     2 ||    16
 Stab: Sleeping          |       |       |     1 |     1 |     2 |       |     1 ||     5
  Eat: Chunk             |       |     6 |     4 |    10 |    22 |    27 |    22 ||    91
       Ration            |       |       |       |       |     2 |       |     1 ||     3
Armor: Leather armour    |     2 |    18 |     5 |     6 |       |       |   106 ||   137
       Steam dragon scal |       |       |       |    33 |   129 |   238 |    24 ||   424
Dodge: Dodged            |     9 |   120 |   133 |   213 |   543 |   534 |   373 ||  1925
Block: Sai               |       |       |       |     7 |    26 |    86 |    72 ||   191
